 Dungeon Crawl Stone Soup version 0.21.1-1-g345015f (webtiles) character file.

94 shakethe the Firebug (level 4, -1/24 HPs)
             Began as a Tengu Fire Elementalist on Feb 9, 2018.
             Slain by a gnoll
             ... wielding a +0 spear
              (9 damage)
             ... on level 2 of the Dungeon.
             The game lasted 00:05:18 (1857 turns).

shakethe the Firebug (Tengu Fire Elementalist)      Turns: 1857, Time: 00:05:19

Health: -1/24      AC:  2    Str:  8    XL:     4   Next: 63%
Magic:  4/8        EV: 13    Int: 16    God:
Gold:   10         SH:  0    Dex: 18    Spells: 3/8 levels left

rFire    . . .     SeeInvis .   m - +2 morningstar (protect)
rCold    . . .     Gourm    .   (no shield)
rNeg     . . .     Faith    .   a - +0 robe
rPois    .         Spirit   .   (helmet restricted)
rElec    .         Reflect  .   (no cloak)
rCorr    .         Harm     .   (no gloves)
MR       .....                  (boots unavailable)
Stlth    ++........             (no amulet)
HPRegen  0.08/turn              e - +3 ring of dexterity
MPRegen  0.11/turn              (no ring)

@: no status effects
A: beak, talons 3
a: no special abilities


You were on level 2 of the Dungeon.
You were not hungry.

You visited 1 branch of the dungeon, and saw 2 of its levels.

You collected 10 gold pieces.

Inventory:

Hand Weapons
 m - a +2 morningstar of protection (weapon)
   (You took it off Terence on level 2 of the Dungeon)
Armour
 a - a +0 robe (worn)
Jewellery
 e - a +3 ring of dexterity (left hand)
   (You found it on level 1 of the Dungeon)
 k - a cursed ring of loudness {unknown}
   (You found it on level 1 of the Dungeon)
Scrolls
 h - 2 scrolls of enchant armour {unknown}
 i - 4 scrolls of identify {unknown}
 j - 2 scrolls of teleportation {unknown}
Potions
 d - 2 potions of heal wounds {unknown}
 f - a potion of degeneration {unknown}
 g - 3 potions of berserk rage {unknown}
 l - a potion of ambrosia {unknown}
Books
 b - a book of Flames
Comestibles
 c - 5 rations
 n - a chunk of flesh {@w0}


   Skills:
 - Level 2.1 Dodging
 - Level 2.0 Stealth
 + Level 2.6 Spellcasting
 * Level 3.7 Conjurations
 * Level 4.4 Fire Magic


You had 3 spell levels left.
You knew the following spells:

 Your Spells              Type           Power        Failure   Level  Hunger
a - Flame Tongue          Conj/Fire      ###..        3%          1    #......
s - Sticky Flame          Conj/Fire      ###.....     36%         4    #####..


Dungeon Overview and Level Annotations

Branches:
Dungeon (2/15)

Altars:


Innate Abilities, Weirdness & Mutations

You have a beak for a mouth.
You have claws for feet.


Message History

You kill the bat!
You see here a bat corpse.
You butcher the bat corpse.
n - a chunk of flesh {@w0} This spell is quite dangerous to cast!
Memorise Sticky Flame, consuming 4 spell levels and leaving 3? [Y]es or [N]o only, please.
Memorise Sticky Flame, consuming 4 spell levels and leaving 3? [Y]es or [N]o only, please.
Memorise Sticky Flame, consuming 4 spell levels and leaving 3? [Y]es or [N]o only, please.
Memorise Sticky Flame, consuming 4 spell levels and leaving 3?
You start memorising the spell.
You continue memorising. x4
You finish memorising.
Spell assigned to 's'.
You see here an adder corpse.
You butcher the adder corpse.
n - 3 chunks of flesh {@w0} (gained 2)
You see here an adder skeleton.
A kobold and a dart slug come into view.
Aim: a kobold, wielding a dagger (resting)
The flame tongue hits the kobold.
The kobold shouts!
You hear a shout!
The kobold throws a stone.
The stone hits you but does no damage.
The gnoll throws a stone.
The stone barely misses you.
You now have 7/8 mp.
Aim: a kobold, wielding a dagger (severely wounded)
You miscast Flame Tongue.
You are very lightly contaminated with residual magic.
You feel a strange surge of energy!
The dart slug moves out of view.
The kobold throws a stone.
The stone hits you but does no damage.
A gnoll comes into view. It is wielding a halberd.
You now have 6/8 mp.
Aim: a kobold, wielding a dagger (severely wounded)
The flame tongue hits the kobold.
You kill the kobold!
You now have 5/8 mp.
The gnoll completely misses you.
The gnoll hits you from afar with a spear.
You take 1 damage, and have 23/24 hp.
The gnoll misses you.
You see here 2 stones.
Health restored: 24
Aim: a gnoll, wielding a spear You miscast Sticky Flame.
Sparks fly from your hands! The gnoll hits you with a spear!
You take 8 damage, and have 16/24 hp.
MASSIVE DAMAGE!!
You now have 1/8 mp.
You are feeling hungry.
You see here 3 stones.
Unknown command.
There is a stone staircase leading up here.
You see here a stone.
You climb upwards.
There is a stone staircase leading down here.
Eating one of 3 chunks of flesh {@w0}.
You eat one of the 3 chunks of flesh {@w0}.
There is an open door here.
There is an open door here.
You see here a club.
There is an escape hatch in the floor here.
You start resting.
Your magical contamination has completely faded away.
You start resting.
Health restored: 24; MP restored: 8 You can't go up here!
You slide downwards.
The hatch slams shut behind you.
Some of the chunks of flesh in your inventory have rotted away.
You now have 10 gold pieces.
Found a stone staircase leading down.
There is an escape hatch in the ceiling here.
The gnoll shouts!
You hear a shout!
Aim: a gnoll, wielding a halberd The flame tongue hits the gnoll.
The gnoll barely misses you.
You now have 7/8 mp.
Aim: a gnoll, wielding a halberd (heavily wounded)
The flame tongue hits the gnoll.
You kill the gnoll!
You now have 6/8 mp.
Things that are here:
a halberd; 12 gold pieces
Aim: a gnoll, wielding a spear
Okay, then.
Aim: a gnoll, wielding a spear The flame tongue hits the gnoll.
The gnoll hits you from afar with a spear.
You take 1 damage, and have 23/24 hp.
You now have 5/8 mp.
Aim: a gnoll, wielding a spear (moderately wounded)
The flame tongue misses the gnoll.
The flame tongue hits the gnoll.
The gnoll misses you.
You now have 4/8 mp.
Aim: a gnoll, wielding a spear (moderately wounded)
The flame tongue misses the gnoll.
The gnoll hits you from afar with a spear!
The gnoll hits you from afar with a spear.
You take 14 damage, and have 9/24 hp.
MASSIVE DAMAGE!!
The gnoll hits you from afar with a spear.
The gnoll hits you from afar with a spear!
You die...

#..........# #......#
#..##
#.......(..####......###
#.)w.
#............##........##
#(
####...####..#.....##..##
#g
#.#>..###.......###..####
#. #.
###.#########.........####
# #...### ######.##..# #
###.<.####### #..)..###
###..@....#######.รท...
#....####......###....
#..gg# ######.....<)(
#....#########....)##<
#...)..g.......)......
#.....#.............##
#....##..g...........#
#....# ...............
#....# #####..###...##


You could see 2 gnolls.

Vanquished Creatures
  Terence (D:2)
  A gnoll (D:2)
  2 adders (D:2)
  3 leopard geckos
  A giant cockroach (D:1)
  9 goblins
  3 hobgoblins
  2 jackals (D:2)
  6 kobolds
  3 bats
  5 frilled lizards
  3 rats (D:1)
39 creatures vanquished.

Notes
Turn   | Place    | Note
-------+----------+-------------------------------------------
     0 | D:1      | shakethe the Tengu Fire Elementalist began the quest for the Orb.
     0 | D:1      | Reached XP level 1. HP: 10/10 MP: 4/4
   170 | D:1      | Reached skill level 2 in Conjurations
   170 | D:1      | Reached XP level 2. HP: 13/15 MP: 0/6
   853 | D:1      | Reached XP level 3. HP: 18/19 MP: 1/7
  1201 | D:2      | Noticed Terence
  1207 | D:2      | Reached skill level 3 in Conjurations
  1207 | D:2      | Reached skill level 4 in Fire Magic
  1530 | D:2      | Killed Terence
  1530 | D:2      | Reached XP level 4. HP: 24/24 MP: 2/8
  1682 | D:2      | Learned a level 4 spell: Sticky Flame
  1857 | D:2      | Slain by a gnoll

Skill      XL: |  1  2  3 |
---------------+----------+-----
Conjurations   | 2 3 |  3.7
Fire Magic     | 4 |  4.4
Dodging        | |  2.1
Stealth        | |  2.0
Spellcasting   | |  2.6

Action                   |  1- 3 |  4- 6 || total
-------------------------+-------+-------++-------
Melee: Short sword       |     2 |     1 ||     3
       Morningstar       |       |     6 ||     6
 Cast: Flame Tongue      |    57 |     8 ||    65
  Eat: Chunk             |     2 |     2 ||     4
Armor: Robe              |     5 |     7 ||    12
Dodge: Dodged            |    14 |    13 ||    27

Vault maps used:
D:1:      elethiomel_arrival_quiet
D:2:      first_ration, uniq_robin, uniq_terence

Table legend:
 A = Turns spent in this place as a percentage of turns spent in the entire game.
 B = Non-inter-level travel turns spent in this place as a percentage of non-inter-level travel turns spent in the entire game.
 C = Inter-level travel turns spent in this place as a percentage of turns spent in this place.
 D = Turns resting spent in this place as a percentage of non-inter-level travel turns spent in this place.
 E = Turns spent auto-exploring this place as a percentage of non-inter-level travel turns spent in this place.
 F = Non-inter-level travel turns spent in this place divided by the number of levels of this place that you've seen.
                   A       B       C       D       E      F
               +-------+-------+-------+-------+-------+----------------------
         Total | 100.0 | 100.0 |   5.6 |  39.3 |  38.6 | 876.5
       Dungeon | 100.0 | 100.0 |   5.6 |  39.3 |  38.6 | 876.5
               +-------+-------+-------+-------+-------+----------------------

Table legend:
 A = Kills in this place as a percentage of kills in entire the game.
 B = Kills by you in this place as a percentage of kills by you in the entire game.
 C = Kills by friends in this place as a percentage of kills by friends in the entire game.
 D = Other kills in this place as a percentage of other kills in the entire game.
 E = Experience gained in this place as a percentage of experience gained in the entire game.
 F = Experience gained in this place divided by the number of levels of this place that you have seen.
                   A       B       C       D       E      F
               +-------+-------+-------+-------+-------+----------------------
         Total | 100.0 | 100.0 |   N/A |   N/A | 100.0 |  67.5
       Dungeon | 100.0 | 100.0 |   N/A |   N/A | 100.0 |  67.5
               +-------+-------+-------+-------+-------+----------------------
